 Dungeon Crawl Stone Soup version 0.31-a0-198-g2ad674f65e (webtiles) character file.

Game seed: 4319692933243838811

847 qw the Skirmisher (level 7, -1/40 HPs)
             Began as a Deep Elf Hunter on June 25, 2023.
             Was a Follower of Okawaru.
             Slain by an orc
             ... wielding a +0 flail
              (6 damage)
             ... on level 6 of the Dungeon.
             The game lasted 00:01:32 (4141 turns).

qw the Skirmisher (Deep Elf Hunter)                 Turns: 4141, Time: 00:01:33

Health: -1/40      AC: 10    Str: 10    XL:     7   Next: 68%
Magic:  8/10       EV: 14    Int: 14    God:    Okawaru [*.....]
Gold:   283        SH:  0    Dex: 24    Spells: 6/6 levels left

rFire   + + +        Y - +1 shortbow
rCold   . . .        (shield currently unavailable)
rNeg    . . .        m - +0 scale mail of Goalerr {*Slow +Blink rF+++ rCorr}
rPois   +            l - +0 helmet
rElec   .            (no cloak)
rCorr   +            k - +0 pair of gloves
SInv    .            (no boots)
Will    .....        (no amulet)
Stlth   ++           d - ring of poison resistance
HPRegen 0.26/turn    j - +6 ring of dexterity
MPRegen 0.12/turn

%: slow self (1%)
@: brilliant, about to teleport, heroic
A: no striking features
a: Renounce Religion, Evoke Blink, Heroism


You were on level 6 of the Dungeon.
You worshipped Okawaru.
Okawaru was aware of your devotion.
You visited 2 branches of the dungeon, and saw 7 of its levels.

You collected 283 gold pieces.


   Skills:
 - Level 2.1(7.1) Fighting
 + Level 11.3(16.3) Ranged Weapons
 - Level 1.0(6.0) Armour
 - Level 4.0(9.0) Dodging
 - Level 1.2(6.2) Stealth
 + Level 1.7 Invocations


You had 6 spell levels left.
You didn't know any spells.
Your spell library was empty.

Inventory:

Hand Weapons
 Y - a +1 shortbow (weapon)
Armour
 c - a +0 ring mail
 k - a +0 pair of gloves (worn)
 l - a +0 helmet (worn)
 m - the +0 scale mail of Goalerr (worn) {*Slow +Blink rF+++ rCorr}
   (You took it off an orc on level 5 of the Dungeon)

   rF:        It renders you almost immune to fire.
   +Blink:    It lets you blink.
   rCorr:     It protects you from acid and corrosion.
   *Slow:     It may slow you when you take damage.
Jewellery
 d - a ring of poison resistance (left hand)
 j - a +6 ring of dexterity (right hand)
Scrolls
 h - a scroll of teleportation
 i - 2 scrolls of identify
Potions
 a - a potion of enlightenment
 e - 2 potions of might
 f - a potion of curing
 g - 2 potions of cancellation
 o - a potion of mutation

Dungeon Overview and Level Annotations

Branches:
Dungeon (6/15)             Temple (1/1) D:4

Altars:
Ashenzari
Dithmenos
Elyvilon
Gozag
Hepliaklqana
Makhleb
Nemelex Xobeh
Okawaru
Qazlal
Sif Muna
Trog
Uskayaw
Vehumet
Wu Jian
Xom
Yredelemnul
Zin
The Shining One

Annotations:
D:6 Pikel


Message History

Pikel hits you with a +1 whip of electrocution!
The orc hits you but does no damage.
You shoot an arrow. The arrow misses Pikel.
Pikel closely misses you. The orc hits you but does no damage.
The orc misses you.
You shoot an arrow. The arrow hits Pikel.
Pikel is lightly wounded.
The orc hits you but does no damage. The orc hits you with a +0 flail.
Pikel barely misses you.
You shoot an arrow.
The arrow hits Pikel but does no damage.
Pikel is lightly wounded.
The orc misses you. The orc closely misses you. Pikel closely misses you.
You shoot an arrow. The arrow hits Pikel!
Pikel is heavily wounded.
The orc closely misses you. x2
Pikel says, "You'll make a fine lemure."
Pikel misses you.
You shoot an arrow. The arrow closely misses Pikel.
The orc hits you with a +0 club.
Pikel hits you with a +1 whip of electrocution.
The orc misses you.
You shoot an arrow.
The arrow hits Pikel but does no damage.
Pikel is heavily wounded.
Pikel closely misses you. The orc barely misses you.
The orc closely misses you.
You shoot an arrow. The arrow hits Pikel.
Pikel is heavily wounded.
The orc hits you with a +0 club. The orc barely misses you.
Pikel closely misses you.
4140 ||| READING 2 scrolls of teleportation.
As you read the scroll of teleportation, it crumbles to dust.
You feel strangely unstable. The orc closely misses you. The orc misses you.
Pikel hits you with a +1 whip of electrocution.
You shoot an arrow.
The arrow hits Pikel but does no damage.
Pikel is heavily wounded.
The orc barely misses you. The orc hits you with a +0 flail.
You die...

#. .
#.##.
###.#..
.....##
.....
#.#.#
#.#o#.#
#.5o@<#
##5K###
#)o #..
...
....
.##.#
.. #.


You could see Pikel, an orc warrior, 2 lemures and 2 orcs.

Vanquished Creatures
  A black bear (D:5)
  An ogre (D:5)
  A phantom (D:5)
  2 lemures (D:6)
  Blork the orc (D:5)
  A scorpion (D:5)
  2 hounds
  2 orc priests
  Jessica (D:3)
  3 iguanas
  A sleepcap (D:4)
  An orc wizard (D:5)
  A hound zombie (D:3)
  3 gnolls (D:2)
  5 adders
  A white imp (D:4)
  2 worms
  5 dart slugs
  12 orcs
  2 ball pythons
  4 bats
  7 endoplasms
  4 giant cockroaches
  4 hobgoblins
  8 jackals
  4 quokkas
  3 frilled lizards
  5 goblins
  9 kobolds
  A quokka zombie (D:3)
  A rat (D:2)
98 creatures vanquished.

Notes
Turn   | Place    | Note
-------+----------+-------------------------------------------
     0 | D:1      | qw the Deep Elf Hunter began the quest for the Orb.
     0 | D:1      | Reached XP level 1. HP: 12/12 MP: 3/3
     0 | D:1      | 0 ||| qw: Version: 0.3-a-22-g0ed2b0b
     0 | D:1      | 0 ||| qw: Game counter: 5083
     0 | D:1      | 0 ||| qw: Melee chars always use a shield: true
     0 | D:1      | 0 ||| qw: God list: Okawaru
     0 | D:1      | 0 ||| qw: Allow faded altars: false
     0 | D:1      | 0 ||| qw: Do Orc after clearing Dungeon:15 true
     0 | D:1      | 0 ||| qw: Do second Lair branch before Depths: true
     0 | D:1      | 0 ||| qw: Lair rune preference: random
     0 | D:1      | 0 ||| qw: Goals: Normal
     0 | D:1      | 0 ||| PLANNING D:1-11
   113 | D:1      | Reached skill level 6 in Ranged Weapons
   113 | D:1      | Reached XP level 2. HP: 16/16 MP: 4/4
   416 | D:1      | Found a faded altar of an unknown god.
   677 | D:1      | 677 ||| UPGRADING to ring of poison resistance.
   678 | D:1      | 678 ||| UPGRADING to +6 ring of dexterity.
   679 | D:1      | 679 ||| READING scroll labelled ALELE HAAT.
   680 | D:1      | 680 ||| READING scroll labelled CESYC GOULAU.
   681 | D:1      | 681 ||| READING scroll labelled ICIOTHR OFUN.
   682 | D:1      | 682 ||| DRINKING 2 orange potions.
   683 | D:1      | 683 ||| DROPPING scroll of butterflies.
   771 | D:2      | Reached XP level 3. HP: 20/20 MP: 5/5
   777 | D:2      | Reached skill level 7 in Ranged Weapons
   813 | D:2      | Reached skill level 3 in Dodging
  1010 | D:2      | Reached XP level 4. HP: 25/25 MP: 6/6
  1564 | D:2      | 1564 ||| READING scroll labelled VACWIFU ICHEI.
  1565 | D:2      | 1565 ||| READING 2 scrolls labelled RAYSOL EFE WOI.
  1568 | D:2      | 1568 ||| READING 2 scrolls of identify.
  1568 | D:2      | 1568 ||| IDENTIFYING fuming cyan potion
  1927 | D:3      | Noticed Jessica
  1928 | D:3      | Killed Jessica
  1929 | D:3      | Reached skill level 8 in Ranged Weapons
  1937 | D:3      | Reached XP level 5. HP: 29/29 MP: 7/7
  2118 | D:3      | Found a basalt altar of Yredelemnul.
  2257 | D:3      | 2257 ||| UPGRADING to +0 pair of gloves.
  2262 | D:3      | 2262 ||| READING scroll labelled IWE NO SUSYT.
  2263 | D:3      | 2263 ||| READING scroll labelled UDI XAGEGY.
  2264 | D:3      | 2264 ||| READING scroll labelled JULLIO NIYS.
  2265 | D:3      | 2265 ||| READING 2 scrolls of identify.
  2265 | D:3      | 2265 ||| IDENTIFYING blue potion
  2280 | D:4      | 2280 ||| STAIRDANCE
  2312 | D:3      | 2312 ||| UPGRADING to +0 scale mail.
  2322 | D:3      | 2322 ||| DROPPING +0 leather armour.
  2327 | D:4      | 2327 ||| STAIRDANCE
  2634 | D:4      | Found a broken altar of Ashenzari.
  2664 | D:4      | Reached skill level 9 in Ranged Weapons
  2681 | D:4      | Found a staircase to the Ecumenical Temple.
  2682 | D:4      | 2682 ||| PLANNING TEMPLE
  2682 | D:4      | 2682 ||| UPGRADING to +0 ring mail.
  2692 | D:4      | 2692 ||| DROPPING +0 scale mail.
  2693 | D:4      | 2693 ||| READING scroll labelled TUAHUGYIQI.
  2694 | D:4      | 2694 ||| READING 2 scrolls of identify.
  2694 | D:4      | 2694 ||| IDENTIFYING ruby potion
  2703 | Temple   | Entered the Ecumenical Temple
  2859 | Temple   | 2859 ||| PLANNING OKAWARU WORSHIP
  2877 | Temple   | Became a worshipper of Warmaster Okawaru
  2878 | Temple   | 2878 ||| PLANNING D:1-11
  3057 | D:4      | Found a hazy altar of Hepliaklqana.
  3168 | D:4      | 3168 ||| DROPPING +0 robe of willpower.
  3169 | D:4      | 3169 ||| READING scroll labelled CYUNKA ECHAIN.
  3170 | D:4      | 3170 ||| DRINKING 2 fizzy amethyst potions.
  3201 | D:4      | 3201 ||| DROPPING potion of lignification.
  3233 | D:5      | Entered Level 5 of the Dungeon
  3241 | D:5      | 3241 ||| STAIRDANCE
  3248 | D:4      | Reached XP level 6. HP: 26/35 MP: 8/8
  3394 | D:5      | Noticed Blork the orc
  3407 | D:5      | Killed Blork the orc
  3414 | D:5      | Reached skill level 10 in Ranged Weapons
  3507 | D:5      | Reached skill level 1 in Armour
  3548 | D:5      | Found a glowing golden altar of the Shining One.
  3548 | D:5      | Found a glowing silver altar of Zin.
  3549 | D:5      | Found a shadowy altar of Dithmenos.
  3576 | D:5      | Identified the +0 scale mail of Goalerr {*Slow +Blink rF+++
                  | rCorr}
  3604 | D:5      | Reached * piety under Okawaru
  3605 | D:5      | Reached XP level 7. HP: 33/40 MP: 9/9
  3675 | D:5      | Found a shimmering altar of Xom.
  3754 | D:5      | 3754 ||| INVOKING Heroism.
  3859 | D:5      | HP: 10/40 [ogre/+0 giant club (30)]
  3860 | D:5      | 3860 ||| READING 3 scrolls of teleportation.
  3861 | D:5      | 3861 ||| DRINKING 2 potions of heal wounds.
  3863 | D:5      | 3863 ||| DRINKING potion of heal wounds.
  3909 | D:5      | Reached skill level 11 in Ranged Weapons
  3915 | D:5      | Reached skill level 1 in Invocations
  4083 | D:5      | 4083 ||| DROPPING +1 robe of fire resistance.
  4084 | D:5      | 4084 ||| UPGRADING to +0 helmet.
  4089 | D:5      | 4089 ||| UPGRADING to +0 scale mail of Goalerr {*Slow
                  | +Blink rF+++ rCorr}.
  4099 | D:5      | 4099 ||| DRINKING 2 emerald potions.
  4100 | D:5      | 4100 ||| READING 4 scrolls of identify.
  4100 | D:5      | 4100 ||| IDENTIFYING silvery potion
  4101 | D:5      | 4101 ||| READING 3 scrolls of identify.
  4101 | D:5      | 4101 ||| IDENTIFYING inky potion
  4102 | D:5      | 4102 ||| DROPPING potion of brilliance.
  4106 | D:6      | 4106 ||| PLANNING OSSUARY
  4116 | D:6      | 4116 ||| INVOKING Heroism.
  4121 | D:6      | Noticed Pikel
  4131 | D:6      | 4131 ||| INVOKING Heroism.
  4139 | D:6      | HP: 7/40 [orc/+0 club (4)]
  4140 | D:6      | 4140 ||| READING 2 scrolls of teleportation.
  4141 | D:6      | Slain by an orc

Levels and vault maps discovered:
D:1:      ncdulo_lavacross, layout_loops_ring,
          dreamdust_ecumenical_altar_angels_and_demons
D:2:      layout_basic, hangedman_decor_clover_reticule,
          dreamdust_princess_corridor
D:3:      layout_loops_ring, lemuel_zombie_altar_yredelemnul, uniq_jessica
D:4:      layout_loops_ring, ashenzari_altar_1, general_overflow_altar,
          minmay_temple_entry_offerings
D:5:      layout_basic, nicolae_overflow_quartered_altars, uniq_blork_the_orc
D:6:      layout_rooms, mainiacjoe_overflow_alcove_2,
          mainiacjoe_overflow_tiny_flanked, enter_ossuary_3, uniq_eustachio,
          uniq_pikel
Temple:   bh_familiar_temple

Skill      XL: |  1  2  3  4  5  6  7 |
---------------+----------------------+-----
Ranged Weapons | 6 7 8 9 10 11 | 11.3
Dodging        | 3 4 |  4.0
Fighting       | 2 |  2.1
Armour         | 1 |  1.0
Invocations    | 1 |  1.7
Stealth        | |  1.2

Action                     |  1- 3 |  4- 6 |  7- 9 || total
---------------------------+-------+-------+-------++-------
   Fire: Shortbow          |    88 |   179 |    61 ||   328
 Invoke: Heroism           |       |       |     3 ||     3
    Use: Scroll            |     3 |    10 |     4 ||    17
         Potion            |     1 |     1 |     3 ||     5
 Armour: Leather armour    |     7 |     4 |       ||    11
         Ring mail         |       |     8 |     3 ||    11
         Scale mail        |       |     6 |    12 ||    18
  Dodge: Dodged            |    14 |    56 |    38 ||   108

Table legend:
 A = Non-vault XP
 B = Vault XP
 C = Vault XP percentage of total XP
 D = Non-vault monster count
 E = Vault monster count
 F = Vault count percentage of total count
                 A         B        C        D         E       F
            +---------+---------+-------+---------+---------+-------
      Total |    1059 |     152 |  12.6 |      92 |       4 |   4.2
            +---------+---------+-------+---------+---------+-------
        D:1 |      32 |       0 |   0.0 |      19 |       0 |   0.0
        D:2 |      94 |       0 |   0.0 |      22 |       0 |   0.0
        D:3 |      58 |      58 |  50.0 |      16 |       3 |  15.8
        D:4 |     170 |       0 |   0.0 |      13 |       0 |   0.0
        D:5 |     622 |      94 |  13.1 |      19 |       1 |   5.0
        D:6 |      83 |       0 |   0.0 |       3 |       0 |   0.0
            +---------+---------+-------+---------+---------+-------
